 Dungeon Crawl Stone Soup version 0.29-a0-88-g03a7b78be7 (webtiles) character file.

Game seed: 7590269391089088597

522 Nelsoonmonsoon the Chopper (level 7, -13/61 HPs)
             Began as a Hill Orc Monk on Feb 6, 2022.
             Was a Follower of Beogh.
             Mangled by an ogre (29 damage)
             ... on level 4 of the Dungeon.
             The game lasted 00:28:32 (3913 turns).

Nelsoonmonsoon the Chopper (Hill Orc Monk)          Turns: 3913, Time: 00:28:33

Health: -13/61     AC: 15    Str: 16    XL:     7   Next: 22%
Magic:  8/8        EV:  7    Int: 10    God:    Beogh [*.....]
Gold:   144        SH:  0    Dex: 13    Spells: 6/6 levels left

rFire   . . .      SeeInvis .   e - +0 hand axe
rCold   . . .      Faith    .   (no shield)
rNeg    + . .      Spirit   .   d - +1 chain mail
rPois   .          Reflect  .   (no helmet)
rElec   .          Harm     .   (no cloak)
rCorr   .          Rampage  .   j - +0 pair of gloves
Will    .....                   t - +2 pair of boots {Fly}
Stlth   ..........              (no amulet)
HPRegen 0.20/turn               n - ring of positive energy
MPRegen 0.11/turn               (no ring)

@: flying
A: no striking features
a: Renounce Religion


You were on level 4 of the Dungeon.
You worshipped Beogh.
Beogh was aware of your devotion.
You visited 1 branch of the dungeon, and saw 5 of its levels.

You collected 144 gold pieces.

Inventory:

Hand Weapons
 a - a +0 hand axe
 c - a +0 halberd
 e - a +0 hand axe (weapon)
 w - a +0 morningstar
Missiles
 r - 66 arrows
 u - 3 poisoned darts (quivered)
 x - a boomerang
 y - 13 bolts
Armour
 b - a +0 robe
 d - a +1 chain mail (worn)
 j - a +0 pair of gloves (worn)
 o - a +0 leather armour
 t - a +2 pair of boots of flying (worn)
Magical Staves
 l - a staff of earth
Jewellery
 n - a ring of positive energy (left hand)
Scrolls
 f - a scroll of vulnerability
 h - 3 scrolls of noise
Potions
 g - 2 potions of curing
 i - 3 potions of brilliance
 k - 2 potions of haste {unknown}
 m - a potion of berserk rage {unknown}
 q - a potion of cancellation {unknown}
 v - a potion of invisibility {unknown}
 z - 2 potions of attraction {unknown}


   Skills:
 + Level 5.5 Fighting
 + Level 6.1 Axes
 * Level 4.9 Armour
 - Level 2.6 Dodging
 - Level 1.9 Stealth
 + Level 2.6 Invocations


You had 6 spell levels left.
You didn't know any spells.
Your spell library was empty.

Dungeon Overview and Level Annotations

Branches:
Dungeon (5/15)
 Temple: D:4-7

Altars:


Message History

You see here a +0 leather armour.
Found a steaming chain mail.
There is a stone staircase leading up here.
As you read the scroll labelled XEMEHI NOSHA, it crumbles to dust.
It is a scroll of enchant armour.
Your +0 chain mail glows green for a moment.
An ogre comes into view. It is wielding a +0 giant club.
As you read the scroll labelled COHABR DOEKLOE, it crumbles to dust.
It is a scroll of identify.
i - 3 potions of brilliance The ogre shouts!
As you read the scroll labelled FIOBLO CONK, it crumbles to dust.
You feel strangely unstable.
It was a scroll of teleportation.
You fly upwards.
There is a stone staircase leading down here.
Your surroundings suddenly seem different.
You reach down and open the door.
There is an open door here.
There is an open door here.
There is a stone staircase leading down here.
You fly downwards.
The ogre hits you with a +0 giant club!
There is a stone staircase leading up here.
You hit the ogre but do no damage.
The ogre hits you with a +0 giant club!!
You barely miss the ogre. The ogre barely misses you.
You closely miss the ogre. The ogre hits you with a +0 giant club!
The ogre hits you but does no damage.
You fly upwards.
There is a stone staircase leading down here.
You feel much better.
You hit the ogre.
The ogre is lightly wounded.
The ogre hits you with a +0 giant club!!
You barely miss the ogre.
The ogre is lightly wounded.
The ogre hits you with a +0 giant club!
* * * LOW HITPOINT WARNING * * *
It was a potion of magic.
Magic courses through your body.
The ogre hits you with a +0 giant club!!
You die...

...### #.#####......... ##...#
########.# ##.......... #...#
#........# #.....#.##.# ##...####
#.######## ##...##.##.# .......(#
#<# ##..##..... ........# #.#
#..#####.# ........###.#### #..#
#.# ##..)###.......###
##..#####.# #...# #.#####..@#
##.........# ##...# #.# #.#O#
##.....###### .##.## #.# #.#.#
##.......## # ..#.####.#
#...###.........####
.........#####.....'.........'...
.....###........####.........####
.##.## ######..## ##.......## #
##### #.## ##.....## #.####
##...##


You could see an ogre.

Vanquished Creatures
  Grinder (D:3)
  A howler monkey (D:4)
  A hound (D:4)
  An orc priest (D:4)
  A bullfrog skeleton (D:4)
  A gnoll shaman (D:4)
  A killer bee zombie (D:5)
  5 gnolls
  3 adders
  A shadow imp (D:4)
  2 worms (D:2)
  3 dart slugs
  3 orcs
  3 endoplasms
  4 giant cockroaches
  5 goblins
  3 hobgoblins
  4 jackals (D:1)
  4 kobolds
  3 quokkas
  6 ball pythons
  4 bats
  2 frilled lizards (D:2)
  A jackal skeleton (D:2)
  5 rats
68 creatures vanquished.

Vanquished Creatures (others)
  2 orcs (D:4)
  26 plants (D:3)
28 creatures vanquished.

Grand Total: 96 creatures vanquished

Notes
Turn   | Place    | Note
-------+----------+-------------------------------------------
     0 | D:1      | Nelsoonmonsoon the Hill Orc Monk began the quest for the
                  | Orb.
     0 | D:1      | Reached XP level 1. HP: 19/19 MP: 1/1
   141 | D:1      | Reached XP level 2. HP: 23/27 MP: 2/2
   907 | D:2      | Reached skill level 1 in Armour
   907 | D:2      | Reached XP level 3. HP: 12/33 MP: 3/3
  1368 | D:2      | Reached XP level 4. HP: 40/40 MP: 4/4
  1846 | D:3      | Noticed Grinder
  2105 | D:4      | Reached skill level 5 in Axes
  2116 | D:4      | Reached XP level 5. HP: 23/47 MP: 5/5
  2523 | D:4      | Became a worshipper of Beogh the Brigand
  2523 | D:4      | Reached * piety under Beogh
  2523 | D:4      | Reached ** piety under Beogh
  2815 | D:4      | Noticed a centaur
  3245 | D:3      | Killed Grinder
  3246 | D:3      | Reached skill level 5 in Fighting
  3246 | D:3      | Reached XP level 6. HP: 40/56 MP: 5/7
  3294 | D:5      | Entered Level 5 of the Dungeon
  3572 | D:4      | Reached skill level 6 in Axes
  3572 | D:4      | Reached XP level 7. HP: 54/61 MP: 8/8
  3913 | D:4      | Mangled by an ogre

Illustrated notes

Levels and vault maps discovered:
D:1:      heliophobic_arrival_henge, layout_basic, minmay_tetromino_l2
D:2:      layout_rooms
D:3:      layout_basic, gammafunk_ghost_split, serial_bayou_lagoon_a,
          item_on_display_a, uniq_grinder
D:4:      layout_loops_corners, minmay_liquid_box, lightli_corner_chamber
D:5:      layout_basic, minitemple, grunt_temple_overflow_growth_and_decay,
          minmay_temple_entry_wispy, minivault_23

Skill      XL: |  1  2  3  4  5  6 |
---------------+-------------------+-----
Fighting       | 4 5 |  5.5
Armour         | 1 2 3 4 |  4.9
Axes           | 5 6 |  6.1
Invocations    | 2 |  2.6
Dodging        | |  2.6
Stealth        | |  1.9

Action                   |  1- 3 |  4- 6 |  7- 9 || total
-------------------------+-------+-------+-------++-------
Melee: Hand axe          |   120 |   165 |    39 ||   324
       Punch             |     1 |     3 |     3 ||     7
Throw: Dart              |       |     1 |       ||     1
Invok: Convert to Beogh  |       |     1 |       ||     1
       Smiting           |       |       |     2 ||     2
  Use: Scroll            |       |     5 |     3 ||     8
       Potion            |       |       |     4 ||     4
Armor: Chain mail        |    74 |    92 |    16 ||   182
Dodge: Dodged            |    38 |    74 |    19 ||   131

Table legend: (Time is in decaauts)
 A = Elapsed time spent in this place.
 B = Non-inter-level travel time spent in this place.
 C = Inter-level travel time spent in this place.
 D = Time resting spent in this place.
 E = Time spent auto-exploring this place.
 F = Levels seen in this place.
 G = Mean time per level.
                   A        B        C        D        E       F      G
               +--------+--------+--------+--------+--------+-----+--------+
         Total |   3941 |   3815 |    126 |      0 |   1006 |   5 |  788.2 |
       Dungeon |   3941 |   3815 |    126 |      0 |   1006 |   5 |  788.2 |
               +--------+--------+--------+--------+--------+-----+--------+

Top non-repeatable levels by time:
     D:4: 1668 daAuts
     D:1: 1003 daAuts
     D:2: 606 daAuts
     D:3: 534 daAuts
     D:5: 129 daAuts
